[Event "EYCC O18-ch 2024"]
[Site "Prague"]
[Date "2024.08.28"]
[Round "6.2"]
[White "Kutowski, Marcel"]
[Black "Belkaid, Sohan"]
[Result "0-1"]
[ECO "B90"]
[WhiteElo "2263"]
[BlackElo "2384"]
[Annotator "RC"]
[PlyCount "88"]
[EventDate "2024.08.19"]
[EventType "swiss"]
[EventCountry "CZE"]
[SourceTitle "playchess.com"]
[Source "ChessBase"]
[SourceQuality "1"]
[TimeControl "5400+30"]

1. e4 c5 2. Nf3 d6 3. d4 cxd4 4. Nxd4 Nf6 5. Nc3 a6 6. Bd3 e5 7. Nde2 Be7 8. O-O O-O 9. Ng3 Be6 10. Nd5 Bxd5 11. exd5 g6 12. c4 Nbd7 13. Bh6 Re8 14. b4 a5 15. a3 Bf8 16. Be3 Qc7 17. Rc1 axb4 18. axb4 Ra3 19. c5 dxc5 20. Bb5 Rc8 21. Bxd7 Qxd7 22. Qf3 Ra6 23. Rfd1 cxb4 24. Rxc8 Qxc8 25. d6 Qe6 26. Ne4 Nd7 27. Bc5 b3 28. Rb1 Qf5 29. Be3 b2 30. Nd2 Qxf3 31. gxf3 Ra1 32. Kg2 Rxb1 33. Nxb1 Bxd6 34. Kf1 Bc5 35. Ke2 Bxe3 36. fxe3 b5 37. Kd2 Nb6 38. Kc3 Nd5+ 39. Kd3 b4 40. e4 Nc3 41. Kc2 Nxb1 42. Kxb1 f5 43. Kxb2 g5 44. Kb3 g4 0-1

[Event "EYCC O18-ch 2024"]
[Site "Prague"]
[Date "2024.08.28"]
[Round "6.3"]
[White "Chyzy, Jakub"]
[Black "Vilimek, Vit"]
[Result "1-0"]
[ECO "B30"]
[WhiteElo "2368"]
[BlackElo "2203"]
[Annotator "RC"]
[PlyCount "153"]
[EventDate "2024.08.19"]
[EventType "swiss"]
[EventCountry "CZE"]
[SourceTitle "playchess.com"]
[Source "ChessBase"]
[SourceQuality "1"]
[TimeControl "5400+30"]

1. e4 c5 2. Nf3 Nc6 3. Bb5 Nf6 4. e5 Nd5 5. O-O Nc7 6. Bxc6 dxc6 7. h3 h6 8. d3 g5 9. Nh2 Bg7 10. Re1 Bf5 11. a4 Ne6 12. Nd2 Qd5 13. Nc4 Bg6 14. a5 O-O-O 15. Nf1 Qxc4 16. dxc4 Rxd1 17. Rxd1 Bxc2 18. Re1 Bd3 19. Bd2 Nd4 20. Ne3 Rd8 21. Ra3 Bg6 22. Bc3 e6 23. b4 cxb4 24. Bxb4 Bxe5 25. Bc5 Kb8 26. Kf1 Bg7 27. Rd1 f5 28. Nc2 e5 29. Nb4 Bf8 30. Bxf8 Rxf8 31. Re3 Re8 32. c5 f4 33. Ree1 Kc7 34. Kg1 f3 35. Re3 fxg2 36. Kxg2 Nf5 37. Ra3 a6 38. Kf1 e4 39. Re1 Nd4 40. Kg2 Ne6 41. Rc3 Nf4+ 42. Kg3 Bf5 43. f3 Bxh3 44. fxe4 Be6 45. Nd3 Nxd3 46. Rxd3 h5 47. Rd6 h4+ 48. Kg2 g4 49. Rf1 Re7 50. Rf4 Bc8 51. Rh6 h3+ 52. Kg3 Bd7 53. Rh8 Bc8 54. Rhf8 Be6 55. R8f6 Re8 56. Rf8 Re7 57. Rf2 Rd7 58. Rh8 Rd3+ 59. Kf4 g3 60. Rh7+ Kb8 61. Rb2 Bc8 62. Rb1 g2 63. e5 Rd7 64. Rxd7 h2 65. Rdd1 Kc7 66. Kg3 g1=Q+ 67. Rxg1 hxg1=Q+ 68. Rxg1 Kd7 69. Kf4 Ke6 70. Rg8 Bd7 71. Rd8 Ke7 72. Rb8 Ke6 73. Rxb7 Bc8 74. Rb8 Bd7 75. Rd8 Ke7 76. Ra8 Ke6 77. Ke4 1-0

[Event "EYCC O18-ch 2024"]
[Site "Prague"]
[Date "2024.08.28"]
[Round "6.3"]
[White "Koutlas, Nikolaos"]
[Black "Macias Pino, Diego"]
[Result "1-0"]
[ECO "E32"]
[WhiteElo "2322"]
[BlackElo "2477"]
[Annotator "TA"]
[PlyCount "73"]
[EventDate "2024.08.19"]
[EventType "swiss"]
[EventCountry "CZE"]
[SourceTitle "playchess.com"]
[Source "ChessBase"]
[SourceQuality "1"]
[TimeControl "5400+30"]

1. d4 Nf6 2. c4 e6 3. Nc3 Bb4 4. Qc2 h6 5. a3 Bxc3+ 6. Qxc3 b6 7. Qg3 Nc6 8. d5 {[%emt 0:09:58] White has an edge.} (8. Nf3 $5) 8... Ne7 9. e4 {[%emt 0:05:12] Repels Nf5} (9. Qxg7 $2 Ng6 10. Bxh6 Rh7 $19 (10... exd5 $2 11. Bg5 $18)) 9... d6 10. dxe6 (10. Qxg7 $2 Ng6 11. dxe6 (11. Bxh6 $2 Rh7 $19) 11... Bxe6 12. Bxh6 Rh7 $19 (12... Nxe4 13. Be3 $14)) 10... Bxe6 11. Bd3 (11. Qxg7 $2 Ng6 12. c5 (12. Bxh6 $2 Rh7 $19) 12... Rh7 13. Bb5+ Ke7 $19) 11... Ng6 (11... Nh5 $11 12. Qf3 Nf6) 12. f4 $1 $16 Qe7 {[%emt 0:00:56][%cal Of6e4] [#]} 13. Ne2 $1 Bg4 14. Nc3 h5 15. h3 h4 16. Qf2 Bd7 17. O-O {[%emt 0:00:50][%cal Oe4e5] e5! would now be deadly.} O-O 18. Qf3 Rfe8 19. Bd2 c6 20. Rae1 a6 21. Kh1 b5 $2 {[%emt 0:01:53] [#] This costs Black the game.} (21... Rad8 $16 22. a4 Rb8) 22. c5 $1 $18 dxc5 (22... Nh7 23. cxd6) 23. e5 Nd5 24. e6 (24. Nxd5 cxd5 25. e6 (25. Qxd5 Rad8 $16) 25... Nf8 26. exd7 Qxd7 $18) 24... Nf6 25. f5 (25. exd7 Qxd7 26. Rd1 (26. Ne4 Nxe4 27. Bxe4 Qxd2 $16) 26... Rad8 $18) 25... Nf8 26. exd7 Qxd7 27. Bg5 {[%emt 0:00:15] Strongly threatening Bxf6.} ({Stronger than} 27. Ne4 Nxe4 28. Bxe4 (28. Rxe4 Rxe4 29. Bxe4 Qxd2 $19) 28... Qxd2 $15) 27... Qd4 28. Bxf6 {[%emt 0:00:34] White is clearly winning.} gxf6 (28... Qxf6 $142 29. Ne4 Qxb2) 29. Be4 Rac8 30. Bxc6 Rxe1 31. Rxe1 {[%emt 0:00:05] aiming for Bd5.} Qd2 32. Qg4+ Kh8 33. Qxh4+ Nh7 34. Bd5 b4 35. Ne4 Qxd5 {[%emt 0:00:50] [#]} 36. Qxh7+ $3 Kxh7 37. Nxf6+ {[%emt 0:00:03] Weighted Error Value: White=0.26 (precise) /Black=0.30.  Mistake:       	---       	Black=3      Inaccurate:     	White=1     	Black=2      OK:         	White=13    	Black=7      Best:        	---       	Black=1      Strong:       	White=2     	---        Brilliant:      	White=1     	---} 1-0

[Event "EYCC O18-ch 2024"]
[Site "Prague"]
[Date "2024.08.28"]
[Round "6.4"]
[White "Talibov, Shiroghlan"]
[Black "Stalmach, Richard"]
[Result "0-1"]
[ECO "B69"]
[WhiteElo "2395"]
[BlackElo "2443"]
[Annotator "TA"]
[PlyCount "166"]
[EventDate "2024.08.19"]
[EventType "swiss"]
[EventCountry "CZE"]
[SourceTitle "playchess.com"]
[Source "ChessBase"]
[SourceQuality "1"]
[TimeControl "5400+30"]

1. e4 c5 2. Nf3 d6 3. d4 cxd4 4. Nxd4 Nf6 5. Nc3 Nc6 6. Bg5 e6 7. Qd2 a6 8. O-O-O Bd7 9. f4 Be7 10. Nf3 b5 11. Bxf6 gxf6 12. Kb1 Qb6 13. Bd3 O-O-O {[%emt 0:01:04] B69: Sicilian: Richter-Rauzer: 7...a6 8 0-0-0 Bd7 9 f4 Be7 10 Nf3 b5 11 Bxf6.} 14. Rhe1 Kb8 15. Nd5 exd5 16. exd5 Ne5 17. fxe5 fxe5 18. Qh6 Qc5 19. Qh5 Rdf8 20. Bf5 Qc8 21. g4 $146 ({Predecessor:} 21. Bxd7 Qxd7 22. g3 Bd8 23. Re3 Rhg8 24. Rc3 f5 25. a3 {½-½ Eldridge,M (2541)-Wosch,A (2475) FICGS class GM 000003 email 2020 (1)}) 21... Rhg8 22. Qxh7 Bxf5 23. gxf5 Rh8 24. Qg7 Qxf5 25. Nd4 exd4 26. Rxe7 Rc8 27. Re2 Rhe8 28. Qxd4 Kb7 29. Rf2 Qg6 30. b3 Rc7 31. Rdf1 Re5 32. Qd1 Qh5 33. Qxh5 Rxh5 34. Rd2 Kb6 35. Rf3 f5 36. Kb2 Rch7 37. Rc3 Rc7 $1 38. Re3 Rch7 39. Rc3 Rc7 $1 40. Rxc7 Kxc7 41. Rf2 a5 42. a3 Kb6 43. b4 a4 44. c3 f4 45. Kc2 Rxd5 (45... Rh3 $11 {keeps the balance.}) 46. Rxf4 $16 Rg5 47. Rd4 $1 Kc6 48. h4 Rh5 49. Kd3 d5 $2 (49... Rh7 $16 {might work better.} 50. Ke2 Kd7) 50. Rg4 $1 $18 Kd6 $2 (50... Rh8 $16 51. Kd4 Rh6) 51. Kd4 $18 Rh6 52. Rf4 Rh5 53. Rf6+ Kc7 54. Rf7+ $2 (54. Rf3 $18) 54... Kd6 $2 (54... Kc6 $1 $11 {and Black is okay.}) 55. Rf6+ Kc7 56. Rf4 $2 (56. Rf3 $18 {has better winning chances.}) 56... Kd6 $16 57. Rg4 Rh6 $1 58. Ke3 $1 Rh8 59. Rf4 ({Don't do} 59. Kd4 $6 Rh6 $18) ({White should play} 59. Ke2 $16) 59... Ke5 $11 60. Rg4 (60. Rd4 $11) 60... Kd6 $1 $16 61. Kf2 ({Much less strong is} 61. Kd4 Rh6 $18) 61... Ke5 62. Kg2 ({Better is} 62. Ke2 $16) 62... Kf5 $11 63. Kh3 Rc8 64. Rg3 Kf4 {[%emt 0:01:39] [#]} (64... Rh8 $1 $11) 65. h5 (65. Kg2 $1 $16) 65... Rh8 $11 66. Rg4+ Ke3 67. Rg5 Rd8 68. h6 Kd2 69. h7 Rh8 $1 70. Rxd5+ Kxc3 71. Rd7 $2 (71. Rxb5 $11 Rxh7+ 72. Kg4) 71... Kb2 72. Rd3 Rxh7+ 73. Kg4 Rc7 74. Kf4 Rc3 75. Rd5 Rxa3 76. Rxb5 Rc3 77. Ke5 a3 78. Ra5 a2 79. Rxa2+ Kxa2 80. Kd6 {[%emt 0:00:35] [#]} Rb3 $1 81. Kc5 Ka3 82. b5 Ka4 83. b6 Ka5 0-1

[Event "EYCC O18-ch 2024"]
[Site "Prague"]
[Date "2024.08.28"]
[Round "6.4"]
[White "Ribeiro, Gustavo"]
[Black "Karolczuk, Iwo"]
[Result "0-1"]
[ECO "A62"]
[WhiteElo "2183"]
[BlackElo "2356"]
[Annotator "RC"]
[PlyCount "64"]
[EventDate "2024.08.19"]
[EventType "swiss"]
[EventCountry "CZE"]
[SourceTitle "playchess.com"]
[Source "ChessBase"]
[SourceQuality "1"]
[TimeControl "5400+30"]

1. d4 Nf6 2. c4 e6 3. g3 c5 4. d5 exd5 5. cxd5 d6 6. Bg2 g6 7. Nc3 Bg7 8. Nf3 O-O 9. O-O Re8 10. a4 Na6 11. Nd2 Nc7 12. e4 b6 13. Nc4 Ba6 14. Qb3 Ng4 15. Nb5 Bxb5 16. axb5 Ne5 17. Ne3 a6 18. bxa6 b5 19. Bd2 c4 20. Qc2 Nxa6 21. Bc3 Nc5 22. f4 Rxa1 23. Rxa1 Ned3 24. Bxg7 Kxg7 25. Ng4 Nxe4 26. Bxe4 Qb6+ 27. Kg2 Rxe4 28. Qc3+ Qd4 29. Ra8 h5 30. Qxd4+ Rxd4 31. Ne3 Nxb2 32. Rc8 Nd1 0-1

[Event "EYCC O18-ch 2024"]
[Site "Prague"]
[Date "2024.08.28"]
[Round "6.5"]
[White "Soderstrom, Adrian"]
[Black "Levin, Guy"]
[Result "1/2-1/2"]
[ECO "B33"]
[WhiteElo "2318"]
[BlackElo "2436"]
[Annotator "RC"]
[PlyCount "33"]
[EventDate "2024.08.19"]
[EventType "swiss"]
[EventCountry "CZE"]
[SourceTitle "playchess.com"]
[Source "ChessBase"]
[SourceQuality "1"]
[TimeControl "5400+30"]

1. e4 c5 2. Nf3 Nc6 3. d4 cxd4 4. Nxd4 Nf6 5. Nc3 e6 6. Nxc6 bxc6 7. e5 Nd5 8. Ne4 Bb7 9. Be2 c5 10. O-O Qc7 11. Nd6+ Bxd6 12. exd6 Qc6 13. f3 c4 14. Qd4 O-O 15. Bxc4 Qxd6 16. b3 Qb6 17. Bb2 1/2-1/2

[Event "EYCC O18-ch 2024"]
[Site "Prague"]
[Date "2024.08.28"]
[Round "6.5"]
[White "Loftgaard, Mikkel Vinh"]
[Black "Palczert, Matyas"]
[Result "1-0"]
[ECO "C55"]
[WhiteElo "2227"]
[BlackElo "2341"]
[Annotator "RC"]
[PlyCount "119"]
[EventDate "2024.08.19"]
[EventType "swiss"]
[EventCountry "CZE"]
[SourceTitle "playchess.com"]
[Source "ChessBase"]
[SourceQuality "1"]
[TimeControl "5400+30"]

1. e4 e5 2. Nf3 Nc6 3. Bc4 Nf6 4. d3 h6 5. O-O d6 6. c3 g6 7. b4 Bg7 8. Re1 O-O 9. Nbd2 a6 10. a4 d5 11. exd5 Nxd5 12. Ne4 Bf5 13. Bxh6 Nxc3 14. Qb3 Bxh6 15. Qxc3 Bg7 16. Rab1 Rb8 17. b5 axb5 18. axb5 Nd4 19. Nxd4 Qxd4 20. Qxd4 exd4 21. Ng3 Rfe8 22. Nxf5 gxf5 23. Bd5 Be5 24. g3 Kg7 25. f4 Bd6 26. Rxe8 Rxe8 27. Bxb7 Re3 28. Rb3 Re2 29. Bc8 Rc2 30. Bxf5 Rc5 31. Be4 Rc1+ 32. Kg2 Rc2+ 33. Kf3 Rxh2 34. b6 cxb6 35. Rxb6 Rh6 36. Rb7 Re6 37. Rd7 Bc5 38. g4 Re7 39. Rd5 Ba7 40. g5 f6 41. g6 Bb6 42. Rb5 Ba7 43. Rh5 Bb6 44. f5 Bc7 45. Bd5 Bd6 46. Be6 Rc7 47. Ke4 Be5 48. Rh7+ Kf8 49. Rxc7 Bxc7 50. Kxd4 Bf4 51. Kd5 Bh6 52. Kd6 Be3 53. Kd5 Bh6 54. d4 Be3 55. Kc5 Bf2 56. Kc4 Be3 57. d5 Bh6 58. d6 Ke8 59. Bc8 Kd8 60. Ba6 1-0

[Event "EYCC O18-ch 2024"]
[Site "Prague"]
[Date "2024.08.28"]
[Round "6.6"]
[White "Sahakyan, Aleks"]
[Black "Hrbek, Stepan"]
[Result "1-0"]
[ECO "C70"]
[WhiteElo "2287"]
[BlackElo "2414"]
[Annotator "RC"]
[PlyCount "107"]
[EventDate "2024.08.19"]
[EventType "swiss"]
[EventCountry "CZE"]
[SourceTitle "playchess.com"]
[Source "ChessBase"]
[SourceQuality "1"]
[TimeControl "5400+30"]

1. e4 e5 2. Nf3 Nc6 3. Bb5 a6 4. Ba4 Nge7 5. Nc3 Ng6 6. h4 h5 7. d4 exd4 8. Nxd4 Nxd4 9. Qxd4 b5 10. Bb3 Bb7 11. Qd3 Nxh4 12. Qh3 Ng6 13. Be3 Bb4 14. O-O-O Qe7 15. Nd5 Bxd5 16. Rxd5 O-O-O 17. Rhd1 Ne5 18. a3 Ba5 19. Qf5 f6 20. Bc5 g6 21. Bxe7 gxf5 22. Bxf6 Ng4 23. Bxh8 Rxh8 24. Rxf5 Bb6 25. Rd2 d6 26. f3 Ne3 27. Rf7 h4 28. Rg7 Rh5 29. Be6+ Kd8 30. Re2 Nf1 31. Bg4 Ng3 32. Re1 Re5 33. Rh7 Bf2 34. Rd1 Re7 35. Rxh4 Ne2+ 36. Kd2 Bxh4 37. Kxe2 Bg3 38. Rh1 c6 39. Ke3 d5 40. Rh6 dxe4 41. Rxc6 exf3+ 42. Kxf3 Bc7 43. Rxa6 Re1 44. Rg6 Rc1 45. Bf5 Rf1+ 46. Kg4 Rf2 47. Rg8+ Ke7 48. Rg7+ Kd6 49. g3 Kc6 50. Be4+ Kb6 51. Rg6+ Ka7 52. Rg5 Rf1 53. Rxb5 Rg1 54. Rb7+ 1-0

[Event "EYCC O18-ch 2024"]
[Site "Prague"]
[Date "2024.08.28"]
[Round "6.6"]
[White "Engin, Onur Cinar"]
[Black "Babula, Vlastimil"]
[Result "1-0"]
[ECO "B22"]
[WhiteElo "2215"]
[BlackElo "2503"]
[Annotator "RC"]
[PlyCount "157"]
[EventDate "2024.08.19"]
[EventType "swiss"]
[EventCountry "CZE"]
[SourceTitle "playchess.com"]
[Source "ChessBase"]
[SourceQuality "1"]
[TimeControl "5400+30"]

1. e4 c5 2. c3 d5 3. exd5 Qxd5 4. d4 g6 5. Nf3 Bg7 6. Na3 cxd4 7. Nb5 Na6 8. Nbxd4 Nf6 9. Bb5+ Bd7 10. Bxa6 bxa6 11. O-O O-O 12. Re1 e6 13. Ne5 Rfd8 14. c4 Qb7 15. Qb3 Qc7 16. Qf3 Be8 17. Bg5 Nh5 18. Bxd8 Rxd8 19. Ndc6 Rc8 20. g4 Bxc6 21. Qxc6 Qxc6 22. Nxc6 Rxc6 23. gxh5 Rxc4 24. hxg6 hxg6 25. Re2 Bd4 26. Rd1 e5 27. b3 Rc6 28. Kg2 Kg7 29. f4 f6 30. fxe5 fxe5 31. Kf3 a5 32. Ke4 a4 33. b4 a3 34. Kd5 Rc3 35. Rb1 Kh6 36. Rg2 g5 37. Rf1 a5 38. bxa5 Rc5+ 39. Ke4 Rxa5 40. Rf6+ Kg7 41. Rf5 Ra4 42. Rgxg5+ Kh6 43. Rh5+ Kg6 44. Rfg5+ Kf6 45. Rg4 Be3+ 46. Kf3 Bf4 47. Rh8 Rc4 48. Rg2 Rc3+ 49. Kg4 Rc4 50. h4 Bc1+ 51. Kh5 e4 52. Rf8+ Ke5 53. Re8+ Kd4 54. Kg4 Rc7 55. Re2 e3 56. Rd8+ Ke4 57. Re8+ Kd3 58. Rh2 Rg7+ 59. Kf3 Rf7+ 60. Kg3 Rg7+ 61. Kf3 Rf7+ 62. Kg3 Rg7+ 63. Kh3 Bb2 64. Rg2 Rd7 65. h5 Rh7 66. Rg5 e2 67. Rd5+ Kc2 68. Rxe2+ Kb1 69. Kg4 Kxa2 70. Ra5 Rg7+ 71. Kf4 Rg1 72. h6 Rh1 73. Kg5 Kb1 74. Rb5 Kc1 75. Re6 a2 76. Rc6+ Kd1 77. Ra6 a1=Q 78. Rxa1+ Bxa1 79. Rb1+ 1-0

[Event "EYCC O18-ch 2024"]
[Site "Prague"]
[Date "2024.08.28"]
[Round "6.7"]
[White "Elmi, Saad Abobaker"]
[Black "Smolik, Jachym"]
[Result "1-0"]
[ECO "E04"]
[WhiteElo "2383"]
[BlackElo "2290"]
[Annotator "RC"]
[PlyCount "39"]
[EventDate "2024.08.19"]
[EventType "swiss"]
[EventCountry "CZE"]
[SourceTitle "playchess.com"]
[Source "ChessBase"]
[SourceQuality "1"]
[TimeControl "5400+30"]

1. d4 d5 2. c4 e6 3. Nf3 Nf6 4. g3 dxc4 5. Bg2 c6 6. a4 c5 7. O-O Nc6 8. dxc5 Qxd1 9. Rxd1 Bxc5 10. Nbd2 Ke7 11. Nxc4 Nd5 12. Nce5 Ncb4 13. Bd2 f6 14. Rac1 b6 15. e4 fxe5 16. exd5 Nxd5 17. Nxe5 a5 18. Bg5+ Ke8 19. Nd3 Be7 20. Bxd5 1-0

[Event "EYCC O18-ch 2024"]
[Site "Prague"]
[Date "2024.08.28"]
[Round "6.7"]
[White "Taranowicz, Michal"]
[Black "Ribera Veganzones, Serni"]
[Result "0-1"]
[ECO "C11"]
[WhiteElo "2164"]
[BlackElo "2309"]
[Annotator "RC"]
[PlyCount "140"]
[EventDate "2024.08.19"]
[EventType "swiss"]
[EventCountry "CZE"]
[SourceTitle "playchess.com"]
[Source "ChessBase"]
[SourceQuality "1"]
[TimeControl "5400+30"]

1. e4 e6 2. Nc3 d5 3. Nf3 Nf6 4. e5 Nfd7 5. Ne2 c5 6. c3 d4 7. cxd4 cxd4 8. Nexd4 Nxe5 9. Bb5+ Nec6 10. O-O Bd7 11. Ne2 Nb4 12. Bc4 Bc6 13. Ne5 Bd5 14. b3 N8c6 15. Bb2 Nxe5 16. Bxe5 Nc6 17. Bb2 Be7 18. d3 Bf6 19. Bxf6 Qxf6 20. Bxd5 exd5 21. Qd2 O-O 22. Nf4 Qg5 23. g3 Nd4 24. Kg2 Qg4 25. Qd1 Qf5 26. Rc1 Rac8 27. h4 g6 28. Qd2 Qg4 29. f3 Qd7 30. Qa5 Nf5 31. Kh2 Ne3 32. Rfe1 d4 33. Qe5 Rfe8 34. Qf6 h6 35. h5 g5 36. Qxh6 gxf4 37. gxf4 Rxc1 38. Rxc1 Qg4 39. Qg5+ Qxg5 40. fxg5 Nd5 41. Rc4 Re5 42. Kg3 Rxg5+ 43. Kh4 Re5 44. Rxd4 Nf6 45. a4 Rxh5+ 46. Kg3 Rd5 47. Rb4 b6 48. d4 Kf8 49. Rc4 Ke7 50. Kf4 Ke6 51. Ke3 Rd7 52. Rc8 Rc7 53. Ra8 Nd5+ 54. Ke4 f5+ 55. Kd3 a5 56. Re8+ Re7 57. Rb8 Kd6 58. Rd8+ Kc6 59. Kc4 Ne3+ 60. Kd3 f4 61. Rc8+ Kb7 62. Rf8 Nd5 63. Kc4 Rd7 64. Kb5 Nc7+ 65. Kc4 Rxd4+ 66. Kxd4 Ne6+ 67. Ke5 Nxf8 68. Kxf4 Kc6 69. Ke5 Ng6+ 70. Ke4 Kc5 0-1

[Event "EYCC O18-ch 2024"]
[Site "Prague"]
[Date "2024.08.28"]
[Round "6.8"]
[White "Hak, David"]
[Black "Malek, Jan"]
[Result "0-1"]
[ECO "E10"]
[WhiteElo "2239"]
[BlackElo "2482"]
[Annotator "RC"]
[PlyCount "110"]
[EventDate "2024.08.19"]
[EventType "swiss"]
[EventCountry "CZE"]
[SourceTitle "playchess.com"]
[Source "ChessBase"]
[SourceQuality "1"]
[TimeControl "5400+30"]

1. d4 Nf6 2. c4 e6 3. Nf3 h6 4. Nc3 Bb4 5. Qb3 c5 6. e3 Nc6 7. a3 Qa5 8. Bd2 cxd4 9. exd4 b6 10. d5 exd5 11. O-O-O Bxc3 12. Bxc3 Qc5 13. cxd5 Ne7 14. d6 Ned5 15. Bc4 Nxc3 16. Bxf7+ Kf8 17. bxc3 Bb7 18. Rhe1 Bxf3 19. gxf3 Rc8 20. Re3 Qf5 21. h4 Rh7 22. Bc4 g6 23. Bd3 Qh5 24. Rg1 Rg7 25. f4 Qxh4 26. Rxg6 Qxf4 27. Kb1 Re8 28. Rxg7 Kxg7 29. Rxe8 Nxe8 30. Qb5 Qxd6 31. Qf5 Qe6 32. Qh7+ Kf8 33. Kb2 Nd6 34. f4 Ke8 35. f5 Qf6 36. Qg8+ Ke7 37. Qa8 a5 38. Qf3 Qe5 39. Qh5 Qf4 40. Qg6 Qg5 41. Qh7+ Nf7 42. a4 Kf6 43. Kb3 Qg7 44. Qxg7+ Kxg7 45. c4 Kf6 46. Be2 Nd6 47. Kc3 Ke5 48. Bf1 Ne4+ 49. Kd3 Nc5+ 50. Ke3 Nxa4 51. Bh3 Nc5 52. f6 Kxf6 53. Kd4 h5 54. Kd5 h4 55. Kd6 a4 0-1

[Event "EYCC O18-ch 2024"]
[Site "Prague"]
[Date "2024.08.28"]
[Round "6.8"]
[White "Afonso, Joao Pedro"]
[Black "Farokhi, Keyvan"]
[Result "0-1"]
[ECO "B50"]
[WhiteElo "1935"]
[BlackElo "2307"]
[Annotator "RC"]
[PlyCount "66"]
[EventDate "2024.08.19"]
[EventType "swiss"]
[EventCountry "CZE"]
[SourceTitle "playchess.com"]
[Source "ChessBase"]
[SourceQuality "1"]
[TimeControl "5400+30"]

1. e4 c5 2. Nf3 d6 3. c3 Nf6 4. h3 Nc6 5. Bd3 e5 6. Bc2 d5 7. exd5 Qxd5 8. d3 Bf5 9. Nh4 Be6 10. Qe2 O-O-O 11. Be3 h6 12. Nd2 g5 13. Ne4 Be7 14. Nf3 Nh5 15. g3 f5 16. Bb3 Qd7 17. Nxc5 Bxc5 18. Bxc5 Bxb3 19. axb3 b6 20. Be3 f4 21. Bd2 fxg3 22. O-O-O Qxd3 23. Qxd3 Rxd3 24. Ne1 Rd7 25. Be3 Rf8 26. fxg3 Nxg3 27. Rh2 Rf1 28. h4 Nf5 29. Rxd7 Kxd7 30. Bf2 g4 31. Rg2 g3 32. Bxg3 Nxg3 33. Kd2 Nf5 0-1

[Event "EYCC O18-ch 2024"]
[Site "Prague"]
[Date "2024.08.28"]
[Round "6.9"]
[White "Razafindratsima, Timothe"]
[Black "Hercegovac, Neven"]
[Result "1-0"]
[ECO "B35"]
[WhiteElo "2457"]
[BlackElo "2278"]
[Annotator "TA"]
[PlyCount "71"]
[EventDate "2024.08.19"]
[EventType "swiss"]
[EventCountry "CZE"]
[SourceTitle "playchess.com"]
[Source "ChessBase"]
[SourceQuality "1"]
[TimeControl "5400+30"]

1. e4 c5 2. Nf3 Nc6 3. Nc3 g6 4. d4 cxd4 5. Nxd4 Bg7 6. Be3 Nf6 7. Bc4 O-O 8. Bb3 d6 9. f3 Qa5 10. Qd2 Nxd4 11. Bxd4 Be6 12. O-O Nd7 13. Bxg7 Kxg7 14. Kh1 Rac8 {[%emt 0:03:13] The position is equal.} 15. f4 Rfd8 16. Rf3 Bxb3 17. cxb3 Nf6 18. Raf1 b5 19. f5 Rf8 20. Rh3 {[%emt 0:11:08] [#] Threatening mate with Qh6+.} h5 21. a3 b4 $1 22. Nd5 Nxe4 23. Qd4+ (23. Qxb4 $2 Nf2+ (23... Qxd5 $2 24. Qe1 $19) 24. Kg1 Nxh3+ (24... Qxd5 $2 25. Rxf2 Rc1+ 26. Rf1 $19) 25. gxh3 Qxd5 $19) 23... Nf6 $132 {[%emt 0:00:02][%mdl 2048] Black puts up resistance} 24. Nxe7 (24. Nxb4 Qc5 (24... gxf5 25. Rxh5 Rh8 26. Rg5+ Kf8 27. Rgxf5 $16) 25. Qd2 e6 (25... gxf5 26. Qg5+ Kh7 27. Nd3 $16) 26. fxe6 fxe6 $15) 24... Qc5 25. fxg6 {[%emt 0:03:12] White is much more active.} (25. Qxb4 Qxb4 26. axb4 Rc7 $19) 25... fxg6 $2 {[%emt 0:00:05][%mdl 8192] [#] A mistake that costs the game.} ({Better is} 25... Qxd4 $14 26. Nf5+ Kxg6 27. Nxd4 bxa3 28. bxa3 Ne4) 26. Qd3 $18 (26. Qxb4 Ng4 27. Rhf3 Qe5 28. g3 Rxf3 (28... Qxe7 $2 29. Qd4+ Kh6 30. Rxf8 $19) (28... Qxe7 $2 29. Qd4+ Kh6 30. Rxf8 $19)) 26... Ne4 27. Rhf3 {[%emt 0:00:03][%cal Bh3f3,Bf3f7,Bf7e7,Be7e6][%mdl 32] Repels Nf2+} (27. Rxf8 {leads to mate.} Rxf8) 27... d5 28. Nxc8 Rxc8 29. axb4 Qd6 30. Rf7+ Kh6 31. Qe3+ g5 32. Qd4 Qg6 {[%emt 0:00:21] Dodges Qg7+} 33. Qxd5 h4 34. Re7 Qf6 35. Re6 Nf2+ 36. Kg1 $1 {[%emt 0:00:06] Weighted Error Value: White=0.24 (precise) /Black=0.64.  Loses game:     	---       	Black=1      Inaccurate:     	White=1     	Black=3      OK:         	White=7     	Black=2      Best:        	White=2     	Black=1      Strong:       	---       	Black=1} 1-0

[Event "EYCC O18-ch 2024"]
[Site "Prague"]
[Date "2024.08.28"]
[Round "6.9"]
[White "Eilenberg, Jonas"]
[Black "Nastore, Pavel-Alexandru"]
[Result "1-0"]
[ECO "E04"]
[WhiteElo "2285"]
[BlackElo "2233"]
[Annotator "RC"]
[PlyCount "67"]
[EventDate "2024.08.19"]
[EventType "swiss"]
[EventCountry "CZE"]
[SourceTitle "playchess.com"]
[Source "ChessBase"]
[SourceQuality "1"]
[TimeControl "5400+30"]

1. d4 d5 2. c4 e6 3. Nf3 Nf6 4. g3 dxc4 5. Bg2 a6 6. Ne5 Nc6 7. Nxc6 bxc6 8. Bxc6+ Bd7 9. Bxa8 Qxa8 10. O-O h5 11. f3 h4 12. g4 Be7 13. e4 c5 14. Be3 cxd4 15. Qxd4 Qb8 16. Rd1 e5 17. Qb6 Qc8 18. g5 Nh7 19. g6 Ng5 20. gxf7+ Kxf7 21. Kh1 Ba4 22. Rf1 Bc2 23. Nd2 Ne6 24. Qa5 Bd3 25. Rf2 Qb8 26. Rc1 Qb5 27. Qxb5 axb5 28. a4 Nd4 29. axb5 Rc8 30. b6 Nc2 31. b7 Rb8 32. Nxc4 Nxe3 33. Nxe5+ Ke6 34. Nxd3 1-0

[Event "EYCC O18-ch 2024"]
[Site "Prague"]
[Date "2024.08.28"]
[Round "6.10"]
[White "Falkevall, Axel"]
[Black "Kocsmar, Akos"]
[Result "1/2-1/2"]
[ECO "D52"]
[WhiteElo "2325"]
[BlackElo "2187"]
[Annotator "RC"]
[PlyCount "42"]
[EventDate "2024.08.19"]
[EventType "swiss"]
[EventCountry "CZE"]
[SourceTitle "playchess.com"]
[Source "ChessBase"]
[SourceQuality "1"]
[TimeControl "5400+30"]

1. d4 d5 2. c4 c6 3. Nf3 Nf6 4. Nc3 e6 5. Bg5 Nbd7 6. e3 Qa5 7. Bxf6 Nxf6 8. a3 g6 9. Bd3 Bg7 10. b4 Qc7 11. O-O O-O 12. Qb3 dxc4 13. Bxc4 Nd7 14. Rac1 e5 15. Nb5 Qd8 16. Nd6 Qe7 17. Nxc8 Raxc8 18. dxe5 Nxe5 19. Nxe5 Bxe5 20. f4 Bf6 21. Rce1 b5 1/2-1/2

[Event "EYCC O18-ch 2024"]
[Site "Prague"]
[Date "2024.08.28"]
[Round "6.10"]
[White "Xhembulla, Aleksander"]
[Black "Pidluznij, Gleb"]
[Result "1-0"]
[ECO "C58"]
[WhiteElo "2201"]
[BlackElo "2414"]
[Annotator "RC"]
[PlyCount "111"]
[EventDate "2024.08.19"]
[EventType "swiss"]
[EventCountry "CZE"]
[SourceTitle "playchess.com"]
[Source "ChessBase"]
[SourceQuality "1"]
[TimeControl "5400+30"]

1. e4 e5 2. Nf3 Nc6 3. Bc4 Nf6 4. Ng5 d5 5. exd5 Na5 6. Bb5+ c6 7. dxc6 bxc6 8. Bd3 Nd5 9. Nf3 Bd6 10. O-O O-O 11. Re1 f5 12. Nxe5 Qf6 13. Nf3 g5 14. c4 Nf4 15. Bf1 g4 16. d4 gxf3 17. Qxf3 Ne6 18. Qc3 Nb7 19. c5 Bc7 20. b4 a5 21. b5 cxb5 22. Bxb5 a4 23. Bc4 Na5 24. Bd5 Ra6 25. Qd3 Rd8 26. Nc3 Kh8 27. Rb1 Nxd4 28. Bb2 Nac6 29. Nb5 Be5 30. Nd6 Bxd6 31. cxd6 Qxd6 32. Bxd4+ Nxd4 33. Qxd4+ Qf6 34. Qf4 Rad6 35. Bf3 Rd4 36. Qc7 Qd6 37. Qa5 Kg8 38. h3 Be6 39. Rb6 Qc7 40. Rexe6 Rd1+ 41. Bxd1 Rxd1+ 42. Re1 Rxe1+ 43. Qxe1 Qxb6 44. Qe8+ Kg7 45. Qxa4 f4 46. Qd7+ Kh6 47. Qd2 Qf6 48. Kh2 Kg6 49. a4 Qe5 50. Qd3+ Kg7 51. Qd7+ Kg6 52. Qc6+ Kg7 53. Qb7+ Kg8 54. Qb6 f3+ 55. g3 Qa1 56. Qb3+ 1-0